 Dungeon Crawl Stone Soup version 0.23.2-33-g5129a83184 (webtiles) character file.

Game seed: 15483058667879592691

47 kae the Poker (level 3, -1/28 HPs)
             Began as a Merfolk Gladiator on July 25, 2019.
             Slain by an iguana (7 damage)
             ... on level 2 of the Dungeon.
             The game lasted 00:00:57 (784 turns).

kae the Poker (Merfolk Gladiator)                    Turns: 784, Time: 00:00:58

Health: -1/28      AC:  7    Str: 14    XL:     3   Next: 70%
Magic:  3/3        EV: 14    Int:  6    God:
Gold:   74         SH:  0    Dex: 15    Spells: 2/2 levels left

rFire    . . .     SeeInvis .   a - +0 trident
rCold    . . .     Gourm    .   (no shield)
rNeg     . . .     Faith    .   b - +0 leather armour
rPois    .         Spirit   .   c - +0 helmet
rElec    .         Reflect  .   (no cloak)
rCorr    .         Harm     .   e - +0 pair of gloves
MR       +....     Clarity  +   (no boots)
Stlth    +.........             (no amulet)
HPRegen  0.09/turn              (no ring)
MPRegen  0.08/turn              (no ring)

@: no status effects
A: change form in water, swift swim, stealthy swim, slimy green scales 1,
clarity, dopey 1, magic resistance 1
a: no special abilities


You were on level 2 of the Dungeon.
You were not hungry.

You visited 1 branch of the dungeon, and saw 2 of its levels.

You collected 74 gold pieces.

Inventory:

Hand Weapons
 a - a +0 trident (weapon)
Missiles
 d - 3 throwing nets (quivered)
Armour
 b - a +0 leather armour (worn)
 c - a +0 helmet (worn)
 e - a +0 pair of gloves (worn)
Jewellery
 j - a +5 ring of evasion {unknown}
Scrolls
 g - a scroll of amnesia {unknown}
 h - a scroll of fog {unknown}
 l - a scroll of teleportation {unknown}
 n - a scroll of remove curse {unknown}
 o - a scroll of identify {unknown}
Comestibles
 f - 2 rations
 m - 3 chunks of flesh


   Skills:
 + Level 2.9 Fighting
 * Level 5.6 Polearms
 - Level 2.0 Throwing
 + Level 4.5 Dodging


You had 2 spell levels left.
You didn't know any spells.
Your spell library was empty.

Dungeon Overview and Level Annotations

Branches:
Dungeon (2/15)

Altars:


Innate Abilities, Weirdness & Mutations

You revert to your normal form in water You are very nimble and swift while swimming.
You are very stealthy in the water. (Stealth+)
You are partially covered in slimy green scales. (AC +2)
You possess an exceptional clarity of mind.
You are dopey. (Int -2)
You are resistant to hostile enchantments. (MR+)


Message History

You hit the iguana but do no damage.
The iguana is heavily wounded.
The iguana completely misses you.
You hit the iguana.
The iguana is heavily wounded.
The iguana bites you.
* * * LOW HITPOINT WARNING * * *
You hit the iguana.
The iguana is severely wounded.
The iguana closely misses you.
You hit the iguana.
The iguana is severely wounded.
The iguana barely misses you.
You barely miss the iguana.
The iguana is severely wounded.
The iguana completely misses you.
You barely miss the iguana.
The iguana is severely wounded.
The iguana bites you!
You die...

.. #. ##. > #. ..
#.##. #. #.# ...#
.#### .###..# .
#.. ...# ..#..#
..##.## #.###.#@#
.......##...#b#l#
#............#K#
#..#...###K..K#
#......>......#
##............#
#.(.†.<......#
#..............
#............#>.


You could see an iguana and 2 kobolds.

Vanquished Creatures
  8 bats
  A giant cockroach (D:2)
  3 goblins (D:1)
  5 hobgoblins
  11 jackals
  7 kobolds
  2 rats (D:1)
37 creatures vanquished.

Notes
Turn   | Place    | Note
-------+----------+-------------------------------------------
     0 | D:1      | kae the Merfolk Gladiator began the quest for the Orb.
     0 | D:1      | Reached XP level 1. HP: 16/16 MP: 1/1
    99 | D:1      | Reached XP level 2. HP: 23/23 MP: 2/2
   160 | D:1      | Reached skill level 5 in Polearms
   476 | D:1      | Reached XP level 3. HP: 28/28 MP: 3/3
   777 | D:2      | Gained mutation: You are dopey. (Int -2) [potion of
                  | mutation]
   777 | D:2      | Gained mutation: You are resistant to hostile enchantments.
                  | (MR+) [potion of mutation]
   777 | D:2      | Gained mutation: You are partially covered in slimy green
                  | scales. (AC +2) [potion of mutation]
   777 | D:2      | Gained mutation: You possess an exceptional clarity of
                  | mind. [potion of mutation]
   784 | D:2      | Slain by an iguana

Skill      XL: |  1  2 |
---------------+-------+-----
Polearms       | 5 |  5.6
Fighting       | |  2.9
Throwing       | |  2.0
Dodging        | |  4.5

Action                   || total
-------------------------++-------
Melee: Trident           ||   159
  Use: Potion            ||     2
Armor: Leather armour    ||    71
Dodge: Dodged            ||   154
